 Dungeon Crawl Stone Soup version 0.31.0-11-ge490571c62 (webtiles) character file.

Game seed: 2986393295239606295

320 qw the Shooter (level 6, -3/30 HPs)
             Began as a Spriggan Hunter on Feb 4, 2024.
             Slain by Pikel
             ... wielding a +0 whip of electrocution
              (4 damage)
             ... on level 4 of the Dungeon.
             The game lasted 00:01:00 (3065 turns).

qw the Shooter (Spriggan Hunter)                    Turns: 3065, Time: 00:01:01

Health: -3/30      AC:  4    Str:  7    XL:     6   Next: 22%
Magic:  7/7        EV: 21    Int: 10    God:
Gold:   142        SH:  0    Dex: 21    Spells: 5/5 levels left

rFire   . . .        a - +2 shortbow
rCold   . . .        (shield currently unavailable)
rNeg    + + .        c - +0 robe
rPois   +            b - +2 hat of Missaad {rPois rN+}
rElec   .            (no cloak)
rCorr   .            (gloves unavailable)
SInv    +            (boots unavailable)
Will    +....        j - amulet of faith
Stlth   ++           f - ring of positive energy
HPRegen 0.25/turn    (no ring)
MPRegen 0.10/turn

%: faith
@: about to teleport, very quick
A: very small, no large weapons, unfitting armour, see invisible, speed 3
a: no special abilities


You were on level 4 of the Dungeon.
You visited 1 branch of the dungeon, and saw 4 of its levels.

You collected 142 gold pieces.


Innate Abilities, Weirdness & Mutations

You are very small and have problems with some larger weapons.
You are too small for most types of armour.
You have supernaturally acute eyesight. (SInv)
You cover ground extremely quickly. (Speed+++)


   Skills:
 - Level 2.1 Fighting
 - Level 6.0 Ranged Weapons
 + Level 5.9 Dodging
 - Level 1.5 Stealth


You had 5 spell levels left.
You didn't know any spells.
Your spell library was empty.

Inventory:

Hand Weapons
 a - a +2 shortbow (weapon)
Armour
 b - the +2 hat of Missaad (worn) {rPois rN+}
   (You acquired it on level 2 of the Dungeon)

   rPois:     It protects you from poison rN+: It protects you from negative
   energy.
 c - a +0 robe (worn)
Jewellery
 f - a ring of positive energy (left hand)
 j - an amulet of faith (around neck)
Scrolls
 e - 3 scrolls of teleportation
Potions
 d - a potion of curing
 g - a potion of cancellation
 h - a potion of heal wounds
 l - a potion of enlightenment {unknown}

Dungeon Overview and Level Annotations

Branches:
Dungeon (4/15)
 Temple: D:4-7

Altars:
Hepliaklqana

Annotations:
D:4 Pikel


Message History

Enter note:
3053 ||| RETREEEEATING.
The lemure attacks as it pursues you! The lemure completely misses you.
You shoot an arrow. The lemure shouts!
The arrow hits the lemure!
You kill the lemure!
That felt strangely unrewarding.
A lemure comes into view.
3056 ||| RETREEEEATING.
You shoot an arrow. The arrow barely misses Pikel.
The lemure shouts!
You shoot an arrow. The arrow barely misses Pikel.
The arrow completely misses the lemure.
The lemure shouts!
You shoot an arrow. The arrow hits Pikel.
Pikel is lightly wounded.
Pikel zaps a wand.
You resist with almost no effort.
You shoot an arrow. The arrow barely misses Pikel.
Pikel hits you with a +0 whip of electrocution.
Pikel misses you.
You shoot an arrow. The arrow hits Pikel!
Pikel is moderately wounded.
Pikel hits you with a +0 whip of electrocution!
You are electrocuted!
You shoot an arrow. The arrow hits Pikel.
Pikel is moderately wounded.
Pikel misses you.
You shoot an arrow. The arrow closely misses Pikel.
The arrow barely misses the lemure.
Pikel misses you.
You shoot an arrow. The arrow hits Pikel.
Pikel is heavily wounded.
Pikel hits you with a +0 whip of electrocution!
3065 ||| READING 4 scrolls of teleportation.
As you read the scroll of teleportation, it crumbles to dust.
You feel strangely unstable.
Pikel hits you with a +0 whip of electrocution.
You die...
Pikel says, "Another soul for the market."

##### ### ##..#
###.## ....##
#.(..# .....###
##....#
###....###....##
.###....#.....5###
.# ##.........5K@#
... #.<##.....5###
...##..##.....##
...........%..#
......<......##
............##
............#
.............#
.......5....(..


You could see Pikel and 3 lemures.

Vanquished Creatures
  A lemure (D:4)
  An orc priest (D:3)
  A sleepcap (D:3)
  Natasha (thrice) (D:2)
  Robin (D:2)
  A gnoll (D:1)
  6 adders
  2 dart slugs
  A ribbon worm (D:2)
  5 orcs (D:3)
  5 ball pythons
  11 endoplasms
  4 giant cockroaches
  15 goblins
  17 hobgoblins
  A jackal (D:1)
  7 kobolds
  4 quokkas
  3 bats (D:1)
  3 frilled lizards
  6 rats
98 creatures vanquished.

Notes
Turn   | Place    | Note
-------+----------+-------------------------------------------
     0 | D:1      | qw the Spriggan Hunter began the quest for the Orb.
     0 | D:1      | Reached XP level 1. HP: 10/10 MP: 2/2
     0 | D:1      | 0 ||| qw: Version: 0.3-a-160-g6735b56
     0 | D:1      | 0 ||| qw: Game counter: 5962
     0 | D:1      | 0 ||| qw: Melee chars always use a shield: true
     0 | D:1      | 0 ||| qw: God list: Okawaru
     0 | D:1      | 0 ||| qw: Allow faded altars: false
     0 | D:1      | 0 ||| qw: Do Orc after clearing Dungeon:15 true
     0 | D:1      | 0 ||| qw: Do second Lair branch before Depths: true
     0 | D:1      | 0 ||| qw: Lair rune preference: random
     0 | D:1      | 0 ||| qw: Goals: Normal
     0 | D:1      | 0 ||| PLANNING D:1-11
   118 | D:1      | Reached skill level 3 in Dodging
   155 | D:1      | Reached XP level 2. HP: 14/14 MP: 3/3
   562 | D:1      | Reached XP level 3. HP: 18/18 MP: 4/4
   944 | D:1      | 944 ||| READING 2 scrolls labelled SEPETY VEWN.
   944 | D:1      | 944 ||| ENCHANTING +0 shortbow.
   945 | D:1      | 945 ||| READING scroll of enchant weapon.
   945 | D:1      | 945 ||| ENCHANTING +1 shortbow.
   946 | D:1      | 946 ||| READING scroll labelled ATELUI FAWOR.
   951 | D:1      | 951 ||| DRINKING 2 fuming clear potions.
   952 | D:1      | 952 ||| DROPPING scroll of butterflies.
  1003 | D:2      | Noticed Natasha
  1006 | D:2      | 1006 ||| FLEEEEING.
  1007 | D:2      | 1007 ||| FLEEEEING.
  1008 | D:2      | 1008 ||| FLEEEEING.
  1009 | D:2      | 1009 ||| FLEEEEING.
  1010 | D:2      | 1010 ||| FLEEEEING.
  1011 | D:2      | 1011 ||| FLEEEEING.
  1012 | D:2      | 1012 ||| FLEEEEING.
  1020 | D:2      | 1020 ||| RETREEEEATING.
  1021 | D:2      | 1021 ||| RETREEEEATING.
  1022 | D:2      | Killed Natasha
  1023 | D:2      | Reached skill level 5 in Ranged Weapons
  1023 | D:2      | Reached XP level 4. HP: 12/22 MP: 5/5
  1331 | D:2      | Noticed Natasha
  1339 | D:2      | Killed Natasha
  1581 | D:2      | Noticed Natasha
  1587 | D:2      | Killed Natasha
  1588 | D:2      | Reached XP level 5. HP: 20/26 MP: 6/6
  1835 | D:2      | Noticed Robin
  1855 | D:2      | Killed Robin
  1972 | D:2      | 1972 ||| UPGRADING to ring of positive energy.
  1973 | D:2      | 1973 ||| READING scroll labelled POUGAH FUNYGI.
  1973 | D:2      | Identified a scroll of acquirement
  1973 | D:2      | 1973 ||| ACQUIRING +2 hat of Missaad {rPois rN+}
  1973 | D:2      | Acquired the +2 hat of Missaad {rPois rN+}
  1975 | D:2      | 1975 ||| UPGRADING to +2 hat of Missaad {rPois rN+}.
  1980 | D:2      | 1980 ||| READING scroll labelled ADWONI ZYURI.
  1980 | D:2      | 1980 ||| IDENTIFYING fuming yellow potion
  1981 | D:2      | 1981 ||| DROPPING potion of lignification.
  2163 | D:3      | Reached skill level 6 in Ranged Weapons
  2292 | D:3      | Reached XP level 6. HP: 30/30 MP: 7/7
  2415 | D:3      | 2415 ||| UPGRADING to amulet of faith.
  2746 | D:3      | 2746 ||| READING scroll labelled QIOFFI XIRYI.
  2747 | D:3      | 2747 ||| READING scroll labelled TERIONKI YDAU.
  2748 | D:3      | 2748 ||| READING scroll labelled AMENOI ELEE.
  2849 | D:3      | 2849 ||| READING scroll labelled IVVAUSSESMI.
  2850 | D:3      | 2850 ||| DRINKING 2 coppery potions.
  2921 | D:4      | 2921 ||| READING scroll of identify.
  2921 | D:4      | 2921 ||| IDENTIFYING bubbling puce potion
  3011 | D:3      | Found a hazy altar of Hepliaklqana.
  3042 | D:4      | Noticed Pikel
  3046 | D:4      | 3046 ||| RETREEEEATING.
  3047 | D:4      | 3047 ||| RETREEEEATING.
  3048 | D:4      | 3048 ||| RETREEEEATING.
  3050 | D:4      | 3050 ||| RETREEEEATING.
  3051 | D:4      | 3051 ||| RETREEEEATING.
  3053 | D:4      | 3053 ||| RETREEEEATING.
  3056 | D:4      | 3056 ||| RETREEEEATING.
  3064 | D:4      | HP: 1/30 [Pikel/+0 whip of electrocution (9)]
  3065 | D:4      | 3065 ||| READING 4 scrolls of teleportation.
  3065 | D:4      | Slain by Pikel

Levels and vault maps discovered:
D:1:      sevenhm_arrival_forest_fort_small_5, layout_basic, minmay_hexomino_c4
D:2:      cheibrodos_old_hovel, layout_basic, uniq_robin, uniq_natasha
D:3:      layout_basic, nicolae_overflow_hidden_temple, serial_glass,
          glass_columns_a, glass_columns_a, glass_columns_c,
          hangedman_decor_clover_reticule, st_stairs_12
D:4:      layout_cave_pools, old_standard_altar, lightli_temple_of_fire,
          chequers_temple_overflow_statue_of_worship, uniq_grinder,
          uniq_blork_the_orc, uniq_pikel

Skill      XL: |  1  2  3  4  5 |
---------------+----------------+-----
Dodging        | 3 4 5 |  5.9
Ranged Weapons | 5 6 |  6.0
Fighting       | 2 |  2.1
Stealth        | |  1.5

Action                     |  1- 3 |  4- 6 || total
---------------------------+-------+-------++-------
   Fire: Shortbow          |    95 |   186 ||   281
    Use: Scroll            |     3 |     8 ||    11
         Potion            |     1 |     1 ||     2
 Armour: Robe              |    12 |    21 ||    33
  Dodge: Dodged            |    38 |    56 ||    94

Table legend:
 A = Non-vault XP
 B = Vault XP
 C = Vault XP percentage of total XP
 D = Non-vault monster count
 E = Vault monster count
 F = Vault count percentage of total count
                 A         B        C        D         E       F
            +---------+---------+-------+---------+---------+-------
      Total |     365 |      93 |  20.3 |      72 |      25 |  25.8
            +---------+---------+-------+---------+---------+-------
        D:1 |      49 |      17 |  25.8 |      22 |      10 |  31.2
        D:2 |     123 |      71 |  36.6 |      21 |      13 |  38.2
        D:3 |     154 |       5 |   3.1 |      21 |       2 |   8.7
        D:4 |      39 |       0 |   0.0 |       8 |       0 |   0.0
            +---------+---------+-------+---------+---------+-------
